Map: Last Remnant

Players

irvinz

  • Race: Zerg Zerg
  • League: Gold
  • Spawn Location: 7:00

Leiferon - Winner!

  • Race: Terran Terran
  • Spawn Location: 12:00

Pryce

  • Race: Protoss Protoss
  • Spawn Location: 6:00

fortes - Winner!

  • Race: Zerg Zerg
  • League: Silver
  • Spawn Location: 1:00

rod - Winner!

  • Race: Terran Terran
  • Spawn Location: 12:00

DarkTemplar - Winner!

  • Race: Protoss Protoss
  • League: Silver
  • Spawn Location: 3:00

BlueHawk

  • Race: Terran Terran
  • League: Silver
  • Spawn Location: 9:00

VOD

Have the link to the VOD?

Description

Time

  • Played on: Oct. 19, 2018, 2:31 p.m.
  • Length: 9:59
Show
View Real Time Build Order
Export as new Build Order

irvinz Zerg 

Build Orders: Hatch First 

Get SALT Encoding   

  12  0:01  Drone  
  13  0:13  Overlord  
  13  0:17  Drone  
  14  0:31  Drone  
  14  0:32  Drone  
  16  0:36  Drone  
  17  0:46  Drone  
  18  1:00  Hatchery, Drone  
  18  1:07  Drone  
  19  1:20  Spawning Pool  
  19  1:21  Drone  
  19  1:33  Extractor, Drone  
  19  1:41  Drone  
  20  1:50  Overlord  
  20  2:04  Drone  
  20  2:08  Queen  
  23  2:13  Drone x2  
  28  2:30  Drone x2  
  28  2:33  Drone  
  28  2:34  Drone  
  31  2:40  Metabolic Boost  
  31  2:49  Queen  
  31  2:50  Zergling x4  
  31  2:51  Queen  
  35  2:57  Drone  
  36  2:59  Overlord  
  36  3:18  Overlord  
  37  3:20  Drone x3  
  37  3:21  Drone  
  37  3:22  Drone x2  
  37  3:26  Queen  
  44  3:28  Overlord  
  44  3:37  Overlord  
  44  3:38  Extractor, Drone  
  44  3:40  Extractor  
  43  3:42  Zergling x2  
  44  3:53  Zergling x8  
  47  3:56  Zergling x2  
  47  4:03  Roach Warren  
  47  4:04  Zergling x4  
  48  4:13  Drone x3  
  51  4:28  Drone x2  
  51  4:29  Drone x3  
  51  4:30  Drone  
  57  4:39  Drone x2  
  57  4:42  Zergling x4  
  57  4:43  Zergling x2  
  62  4:47  Zergling x2  
  61  4:57  Zergling x2  
  61  5:00  Zergling x2  
  61  5:07  Zergling x4  
  61  5:12  Drone x2  
  61  5:13  Drone  
  65  5:15  Drone  
  65  5:21  Extractor  
  65  5:23  Drone  
  65  5:24  Drone x2  
  65  5:25  Lair  
  65  5:26  Drone  
  65  5:30  Drone  
  65  5:31  Hatchery  
  65  5:34  Zergling x2  
  66  5:40  Drone  
  67  5:43  Baneling Nest  
  67  5:44  Drone x2  
  68  6:02  Overlord  
  68  6:03  Overlord  
  61  6:10  Spore Crawler x2  
  57  6:12  Zergling x6  
  60  6:21  Zergling x4  
  60  6:23  Zergling x8  
  60  6:24  Zergling x2  
  67  6:28  Overseer  
  67  6:32  Overseer  
  66  6:47  Zergling x2  
  66  6:48  Zergling x2, Drone x2  
  66  6:51  Drone x2  
  66  6:52  Drone  
  70  7:07  Extractor  
  69  7:16  Drone x3  
  69  7:18  Drone x3  
  75  7:23  Hatchery  
  75  7:26  Drone x3  
  75  7:28  Drone  
  78  7:35  Hydralisk Den, Drone  
  78  7:38  Evolution Chamber  
  78  7:39  Zergling x4, Evolution Chamber  
  78  7:42  Zergling x8  
  82  7:48  Zergling x4  
  82  7:49  Zergling x2, Drone x2  
  84  7:54  Baneling x4  
  84  7:55  Baneling x9  
  84  8:00  Zergling x2  
  84  8:01  Zergling x4  
  84  8:04  Centrifical Hooks  
  87  8:25  Overlord  
  87  8:26  Overlord x4  
  84  8:48  Pneumatized Carapace  
  81  8:54  Zergling x6  
  81  9:07  Zergling x6  
  81  9:08  Zergling x2  
  81  9:09  Zergling x2  
  74  9:10  Zergling x12  
  74  9:14  Zergling x2  
  79  9:18  Zergling x2  
  79  9:20  Zergling x2  
  79  9:21  Zergling x2  
  79  9:22  Zergling x4  
  80  9:35  Overlord  
  80  9:36  Overlord x2  
Show
View Real Time Build Order
Export as new Build Order

Leiferon Terran - Winner!

Build Orders:  

Get SALT Encoding   

  12  0:01  SCV  
  13  0:13  SCV  
  14  0:19  Supply Depot  
  14  0:25  SCV  
  15  0:41  SCV  
  16  0:43  Barracks  
  16  0:49  Refinery  
  16  0:55  SCV  
  17  1:07  SCV  
  18  1:19  SCV  
  19  1:31  Supply Depot, SCV  
  19  1:32  Reaper  
  21  1:38  Barracks  
  21  1:49  Orbital Command  
  21  2:06  Reaper  
  22  2:11  Refinery  
  22  2:15  SCV  
  23  2:25  Reaper  
  24  2:32  Command Center  
  24  2:33  SCV  
  25  2:38  Reaper  
  26  2:45  SCV  
  27  2:52  Factory  
  27  3:00  SCV  
  27  3:05  Barracks Reactor  
  28  3:12  SCV  
  29  3:13  Barracks Tech Lab  
  29  3:24  SCV  
  29  3:25  Barracks  
  30  3:34  Marine  
  31  3:40  Stimpack  
  31  3:44  SCV  
  32  3:51  Marine  
  33  3:57  SCV  
  33  3:58  SCV  
  35  4:08  Factory Tech Lab  
  35  4:09  Marine  
  37  4:10  Marine x2, SCV x2  
  40  4:20  Supply Depot  
  40  4:22  Supply Depot, SCV  
  40  4:24  Engineering Bay  
  41  4:27  Marine x2  
  41  4:28  Supply Depot  
  43  4:34  SCV  
  43  4:35  SCV  
  43  4:38  Marine  
  46  4:45  Marine x2  
  47  4:46  SCV  
  47  5:06  Marine x2  
  47  5:07  Marine  
  48  5:10  Barracks Reactor  
  48  5:12  Siege Tank  
  51  5:20  Factory  
  51  5:24  Marine  
  51  5:26  Marine, Marauder  
  56  5:28  SCV  
  56  5:30  SCV  
  56  5:32  Refinery  
  57  5:40  SCV  
  57  5:42  Marine, SCV  
  60  5:44  Siege Tank, Marine  
  60  5:45  Terran Infantry Weapons Level 1  
  60  5:47  Marine  
  65  5:50  Supply Depot  
  65  5:52  SCV  
  65  5:54  SCV  
  67  5:59  Marine  
  67  6:01  Marine x2  
  70  6:11  Marine, SCV x2  
  70  6:16  Siege Tank  
  70  6:17  Supply Depot  
  76  6:20  Supply Depot  
  76  6:24  Missile Turret  
  76  6:26  Marine x2  
  76  6:29  Factory Tech Lab  
  78  6:38  Marine  
  79  6:56  Siege Tank x2  
  79  6:57  Marine  
  79  6:58  Marine x3  
  79  7:00  SCV x2  
  91  7:03  Refinery  
  91  7:12  SCV x2  
  93  7:17  Command Center  
  73  7:51  Marine x4  
  61  7:52  Siege Tank x2  
  69  8:00  Starport  
  69  8:01  Terran Infantry Armor Level 1  
  69  8:03  Starport  
  69  8:06  Armory  
  69  8:07  SCV  
  69  8:08  SCV  
  71  8:17  Supply Depot  
  71  8:18  Supply Depot  
  71  8:24  Siege Tank  
  74  8:34  Marine x4  
  76  8:35  Siege Tank  
  76  8:37  SCV x2  
  83  8:51  Starport Reactor  
  83  8:52  Starport Reactor  
  83  8:54  Marine x3  
  83  8:55  Refinery, Marine x2  
  88  8:56  Siege Tank  
  91  9:07  Siege Tank  
  94  9:12  Marine x2  
  96  9:40  Marine x4  
Show
View Real Time Build Order
Export as new Build Order

Pryce Protoss 

Build Orders:  

Get SALT Encoding   

  1  0:00  Probe  
  13  0:17  Pylon  
  13  0:20  Probe  
  14  0:43  Gateway  
  14  0:48  Probe  
  15  1:00  Probe  
  16  1:20  Assimilator  
  16  1:25  Probe  
  17  1:33  Probe  
  18  1:41  Probe  
  19  1:47  Cybernetics Core  
  19  1:52  Pylon  
  19  1:56  Assimilator  
  19  2:14  Probe  
  19  2:22  Probe  
  20  2:25  Nexus  
  20  2:28  Warp Gate  
  21  2:32  Probe  
  21  2:36  Pylon  
  22  2:43  Assimilator  
  22  2:44  Probe  
  23  2:51  Stalker  
  25  3:21  Stalker  
  27  3:51  Stalker  
  27  3:54  Probe  
  29  4:02  Probe  
  31  4:12  Probe  
  32  4:24  Probe  
  33  4:36  Probe  
  33  4:48  Probe  
  34  5:09  Probe  
  35  5:17  Probe  
  35  5:21  Protoss Air Armor Level 1  
  35  5:27  Probe  
  36  5:34  Stalker  
  39  5:39  Probe  
  40  5:51  Probe  
  40  5:54  Assimilator  
  40  5:55  Gateway  
  40  6:03  Probe  
  32  6:12  Sentry  
  32  6:15  Probe  
  27  6:27  Probe  
  7  7:14  Probe  
  7  7:15  Protoss Air Weapons Level 1  
  7  7:22  Probe  
  9  7:31  Probe  
  9  7:34  Probe  
  10  7:42  Probe  
  10  7:44  Probe  
  13  7:51  Probe  
  13  7:56  Probe  
  15  8:00  Pylon  
  15  8:03  Probe  
  16  8:12  Stalker  
  18  8:13  Stalker  
  18  8:15  Probe  
  18  8:17  Probe  
  22  8:25  Probe  
  22  8:32  Probe  
  22  8:33  Probe  
  21  8:44  Probe  
  21  8:45  Probe  
  20  8:49  Forge  
  19  8:56  Probe  
  19  8:57  Probe  
  19  8:58  Stalker  
  23  9:08  Probe  
  24  9:11  Stargate  
  24  9:16  Stargate  
  24  9:28  Stalker  
  24  9:29  Photon Cannon  
  24  9:30  Stalker  
  28  9:37  Pylon  
Show
View Real Time Build Order
Export as new Build Order

fortes Zerg - Winner!

Build Orders: Hatch First 

Get SALT Encoding   

  12  0:01  Drone  
  13  0:12  Overlord  
  13  0:18  Drone  
  14  0:31  Drone x2  
  16  0:38  Drone  
  17  0:48  Drone  
  18  1:01  Hatchery, Drone  
  18  1:06  Drone  
  19  1:20  Spawning Pool, Drone  
  19  1:28  Drone  
  20  1:40  Drone  
  21  1:50  Extractor, Drone  
  21  2:00  Overlord  
  21  2:16  Queen, Drone x2  
  21  2:17  Queen  
  27  2:26  Drone x2  
  29  2:33  Spine Crawler, Drone  
  29  2:38  Drone  
  30  2:48  Drone  
  30  2:49  Drone  
  32  2:54  Drone  
  32  2:56  Lair  
  33  3:01  Queen  
  33  3:03  Drone  
  36  3:06  Overlord  
  36  3:19  Extractor  
  35  3:20  Drone  
  35  3:26  Drone  
  38  3:27  Drone x2  
  38  3:30  Drone x4  
  43  3:41  Drone  
  44  3:58  Overlord  
  44  3:59  Overlord  
  44  4:10  Roach Warren  
  43  4:21  Extractor, Drone  
  43  4:22  Drone x8  
  51  4:24  Extractor  
  50  4:39  Evolution Chamber  
  50  4:40  Drone x3  
  52  4:56  Overlord  
  52  4:57  Overlord  
  52  5:07  Hydralisk Den  
  52  5:09  Overlord  
  52  5:10  Overlord  
  52  5:11  Drone  
  52  5:24  Roach x4  
  60  5:45  Hatchery  
  59  5:53  Roach  
  59  5:54  Roach x4  
  69  6:05  Hatchery  
  69  6:07  Roach x3  
  74  6:14  Hatchery  
  74  6:37  Roach  
  74  6:38  Roach x4  
  74  6:39  Overlord x3  
  84  6:40  Overlord x2  
  84  6:46  Zerg Ground Armor Level 1  
  84  6:49  Muscular Augments  
  83  6:59  Drone  
  84  7:03  Roach x8  
  100  7:09  Roach  
  102  7:26  Roach x5  
  112  7:31  Drone  
  113  7:38  Extractor  
  113  7:44  Roach x5  
  116  7:45  Roach  
  124  8:01  Grooved Spines  
  124  8:09  Roach  
  124  8:10  Roach x5  
  124  8:11  Overlord  
  124  8:12  Overlord  
  122  9:02  Roach  
  130  9:03  Roach x14  
  152  9:38  Overlord  
  152  9:39  Overlord  
Show
View Real Time Build Order
Export as new Build Order

rod Terran - Winner!

Build Orders: MMM Bio 

Get SALT Encoding   

  12  0:02  SCV  
  13  0:14  SCV  
  14  0:23  Supply Depot  
  14  0:26  SCV  
  15  0:36  Refinery  
  15  0:44  SCV  
  16  0:53  Barracks  
  16  0:56  SCV  
  17  1:08  SCV  
  18  1:21  SCV  
  19  1:33  SCV  
  20  1:43  Barracks  
  20  1:45  SCV  
  21  1:50  Marine  
  22  2:07  Marine  
  23  2:24  Orbital Command  
  23  2:28  Barracks Tech Lab  
  23  2:34  Supply Depot  
  23  2:37  Barracks Reactor  
  23  2:55  SCV  
  23  2:56  Supply Depot, Refinery  
  24  3:05  Engineering Bay  
  24  3:15  SCV  
  25  3:22  Factory  
  25  3:23  Supply Depot  
  25  3:25  Marine, Stimpack  
  26  3:27  Marine x2, SCV  
  29  3:39  SCV  
  30  3:43  Marine  
  30  3:45  Marine x2  
  30  3:46  Command Center  
  33  3:51  SCV  
  34  4:01  Marine  
  35  4:03  Marine x2, SCV  
  38  4:11  Factory Tech Lab, Engineering Bay  
  38  4:19  Marine  
  38  4:20  Marine  
  38  4:21  Marine  
  38  4:24  Starport  
  41  4:28  SCV  
  42  4:37  Marine  
  43  4:38  Marine x2  
  43  4:40  SCV  
  46  4:53  Supply Depot  
  46  4:54  Marine  
  46  4:57  Marine  
  48  5:02  Armory  
  48  5:03  Medivac  
  50  5:11  Siege Tank  
  53  5:16  Marine x3  
  53  5:18  Supply Depot  
  56  5:25  SCV  
  57  5:34  Refinery, Marine  
  58  5:36  SCV  
  58  5:37  SCV  
  60  5:43  Marine x2  
  60  5:48  SCV  
  63  5:52  Marine  
  64  6:00  SCV  
  64  6:01  Marine  
  66  6:04  Marine  
  66  6:09  Marine  
  68  6:11  Siege Tank  
  68  6:13  Medivac  
  73  6:18  Marine  
  73  6:22  Refinery, Marine  
  75  6:26  SCV  
  75  6:27  Marine  
  77  6:36  Marine  
  78  6:43  Supply Depot  
  78  6:44  Sensor Tower  
  78  6:53  Terran Infantry Weapons Level 1  
  78  6:56  Terran Infantry Armor Level 1  
  78  7:00  Combat Shields  
  78  7:05  Supply Depot, Marine x3, SCV  
  82  7:17  SCV  
  83  7:23  Marine x2  
  83  7:29  SCV  
  86  7:30  Marine  
  87  7:39  Siege Tank  
  87  7:40  Marine x2, Medivac  
  94  8:17  Marine  
  94  9:03  Marine  
  94  9:04  Marine  
  94  9:05  Siege Tank, Marine, SCV  
  84  9:19  Medivac  
  84  9:21  Marine  
  84  9:22  Marine  
  84  9:23  Marine  
  92  9:39  Marine  
  92  9:40  Marine  
Show
View Real Time Build Order
Export as new Build Order

DarkTemplar Protoss - Winner!

Build Orders:  

Get SALT Encoding   

  12  0:02  Probe  
  13  0:15  Probe  
  14  0:25  Pylon  
  14  0:27  Probe  
  15  0:43  Probe  
  15  0:45  Gateway  
  16  0:50  Assimilator  
  16  0:55  Probe  
  17  0:59  Pylon  
  17  1:06  Probe  
  18  1:14  Probe  
  18  1:15  Assimilator  
  19  1:23  Probe  
  19  1:31  Pylon  
  20  1:35  Probe  
  21  1:47  Probe  
  22  1:55  Cybernetics Core  
  22  1:59  Pylon  
  22  2:08  Probe  
  23  2:18  Nexus  
  24  2:32  Warp Gate  
  24  2:36  Probe  
  24  2:38  Twilight Council  
  24  2:48  Probe  
  25  2:56  Assimilator  
  25  3:00  Probe  
  26  3:07  Gateway  
  26  3:13  Probe  
  27  3:26  Probe  
  28  3:29  Gateway  
  28  3:34  Probe  
  28  3:37  Pylon  
  28  3:38  Probe  
  30  3:42  Pylon  
  30  3:47  Probe  
  31  4:02  Dark Shrine, Probe  
  32  4:08  Gateway  
  32  4:24  Probe x2  
  34  4:32  Assimilator  
  34  4:36  Probe  
  35  4:41  Stargate  
  35  4:42  Stargate  
  36  4:45  Probe  
  36  4:46  Pylon  
  36  4:53  Pylon  
  36  4:55  Probe  
  36  4:57  Probe  
  38  5:10  Probe  
  38  5:11  Probe  
  40  5:14  Dark Templar  
  40  5:15  Dark Templar x2  
  40  5:16  Dark Templar  
  48  5:22  Probe  
  49  5:29  Cybernetics Core  
  49  5:39  Fleet Beacon  
  49  5:44  Probe x2  
  51  5:55  Stargate  
  51  5:56  Probe x2  
  53  5:58  Stargate  
  53  5:59  Pylon  
  53  6:21  Probe x2  
  53  6:23  Carrier  
  59  6:43  Carrier  
  61  7:07  Nexus  
  61  7:10  Assimilator  
  61  7:14  Assimilator  
  61  7:15  Pylon  
  61  7:21  Probe x2  
  63  7:23  Protoss Air Weapons Level 1, Carrier  
  63  7:24  Carrier  
  73  7:50  Dark Templar  
  73  7:51  Dark Templar  
  77  7:52  Zealot x2  
  81  8:21  Carrier  
  83  8:51  Probe x2  
  93  9:03  Probe  
  94  9:17  Pylon  
  100  9:25  Gateway  
  100  9:27  Gateway  
  100  9:30  Zealot  
  102  9:31  Zealot  
  102  9:32  Zealot x2  
  102  9:34  Pylon  
  102  9:35  Pylon  
Show
View Real Time Build Order
Export as new Build Order

BlueHawk Terran 

Build Orders: Reaper Expand 

Get SALT Encoding   

  12  0:01  SCV  
  13  0:15  Supply Depot  
  13  0:18  SCV  
  14  0:36  SCV  
  14  0:41  Barracks  
  15  0:44  Refinery  
  15  0:55  SCV  
  16  1:07  SCV  
  17  1:19  SCV  
  18  1:34  Reaper  
  18  1:39  Orbital Command  
  19  1:46  Command Center  
  19  2:06  SCV  
  20  2:09  Barracks Tech Lab  
  20  2:19  SCV  
  20  2:20  Refinery, Factory  
  21  2:27  Marine  
  22  2:36  SCV  
  23  2:41  Supply Depot  
  23  2:49  Stimpack  
  23  2:58  Marine, SCV, Orbital Command  
  25  3:15  Factory Reactor, Starport  
  25  3:16  Barracks  
  25  3:21  SCV  
  25  3:24  Marine  
  27  3:28  SCV  
  28  3:38  SCV  
  28  3:39  Supply Depot  
  29  3:42  SCV  
  30  3:53  SCV  
  30  3:54  Marine  
  32  4:05  Factory Tech Lab  
  32  4:07  Engineering Bay  
  32  4:08  SCV x2  
  32  4:09  Engineering Bay  
  34  4:20  SCV  
  35  4:25  Refinery  
  35  4:26  SCV  
  35  4:27  Marine  
  35  4:28  Refinery  
  35  4:31  Barracks Reactor  
  40  4:39  SCV x2  
  42  4:51  SCV  
  43  4:57  Marine, SCV  
  43  4:58  Medivac  
  43  4:59  Medivac  
  49  5:04  Siege Tank  
  49  5:06  SCV  
  50  5:12  Marine, SCV  
  52  5:15  Marine  
  52  5:16  Terran Infantry Weapons Level 1, Terran Infantry Armor Level 1  
  53  5:23  Supply Depot  
  53  5:24  Supply Depot  
  53  5:26  Supply Depot x2  
  53  5:27  SCV  
  54  5:29  Barracks  
  54  5:31  Barracks  
  54  5:44  Marine x3  
  54  5:45  SCV x2  
  59  5:57  SCV x2  
  59  6:02  Marine x3  
  64  6:08  Armory  
  64  6:09  SCV x2  
  64  6:10  Missile Turret  
  55  6:37  SCV  
  55  6:38  SCV  
  57  6:43  Missile Turret  
  57  6:44  Missile Turret  
  57  6:46  Missile Turret  
  57  6:54  SCV x2  
  58  6:59  Marine x3  
  64  7:03  Barracks Reactor  
  64  7:04  Barracks Reactor  
  62  7:13  SCV x2  
  64  7:17  Marine x2  
  65  7:29  SCV x2  
  67  7:33  Missile Turret  
  51  7:50  Marine x7  
  48  7:52  Siege Tank  
  48  7:54  Medivac  
  48  7:56  Missile Turret  
  48  7:57  SCV  
  48  7:58  SCV  
  55  8:07  Marine  
  55  8:08  Marine x4  
  52  8:20  SCV x2  
  52  8:26  Marine x6  
  52  8:27  Marine  
  60  8:28  Siege Tank  
  60  8:32  SCV x2  
  66  8:44  SCV  
  66  8:46  Marine  
  6  9:10  Orbital Command  
  2  9:37  SCV  
Tags
 
Add a new tag
Caveats
  • Supply blocks, unpowered buildings, or Contaminate may cause inaccurate times.
  • Supply counts are checked every 10 seconds.